Map: [ESL] Crimson Court

Players

Firefly - Winner!

  • Race: Protoss Protoss
  • Spawn Location: 7:00

XYXY (XY)

  • Race: Terran Terran
  • Spawn Location: 1:00

Event: ESL SC2 Masters 2024 Spring (Regional)

VOD

Have the link to the VOD?

Description

Time

  • Played on: April 14, 2024, 5:27 a.m.
  • Length: 12:26

All games in this series

Show
View Real Time Build Order
Export as new Build Order

Firefly Protoss - Winner!

Build Orders: 1 Gate Expand, Blink Stalkers 

Get SALT Encoding   

  12  0:00  Probe  
  13  0:12  Probe  
  14  0:18  Pylon  
  14  0:24  Probe  
  15  0:36  Gateway, Probe (Chrono Boost)  
  16  0:46  Assimilator, Probe (Chrono Boost)  
  17  0:51  Probe (Chrono Boost)  
  18  1:03  Probe  
  19  1:15  Probe  
  20  1:23  Cybernetics Core  
  20  1:33  Nexus  
  20  1:39  Pylon  
  20  1:43  Probe  
  21  1:52  Assimilator  
  21  1:55  Probe  
  21  1:57  Adept (Chrono Boost)  
  24  2:01  Warp Gate  
  24  2:07  Probe  
  25  2:19  Probe (Chrono Boost)  
  25  2:22  Twilight Council  
  26  2:31  Probe (Chrono Boost), Stalker  
  29  2:39  Probe (Chrono Boost)  
  30  2:45  Probe (Chrono Boost)  
  32  2:52  Probe (Chrono Boost)  
  32  2:53  Gateway  
  32  2:54  Probe (Chrono Boost)  
  34  2:58  Blink (Chrono Boost)  
  34  2:59  Probe (Chrono Boost)  
  34  3:03  Probe  
  36  3:13  Probe (Chrono Boost)  
  36  3:14  Stalker  
  36  3:15  Probe (Chrono Boost)  
  39  3:25  Probe (Chrono Boost)  
  39  3:26  Pylon  
  41  3:27  Probe (Chrono Boost)  
  41  3:30  Probe (Chrono Boost)  
  42  3:35  Probe  
  41  3:41  Probe  
  41  3:45  Robotics Facility  
  41  3:47  Probe  
  43  3:53  Probe, Stalker x2  
  48  4:06  Nexus  
  48  4:08  Probe x2  
  50  4:16  Stalker x2  
  54  4:23  Pylon  
  54  4:33  Forge  
  54  4:39  Pylon  
  54  4:40  Observer  
  54  4:41  Probe x2  
  54  4:43  Stalker x2  
  61  4:51  Pylon  
  61  4:53  Probe  
  61  4:57  Charge, Probe  
  63  5:01  Shield Battery  
  63  5:03  Shield Battery  
  63  5:05  Probe (Chrono Boost)  
  64  5:09  Probe (Chrono Boost)  
  64  5:10  Protoss Ground Armor Level 1 (Chrono Boost)  
  65  5:17  Probe (Chrono Boost)  
  65  5:19  Probe (Chrono Boost)  
  65  5:20  Gateway  
  68  5:21  Probe (Chrono Boost)  
  68  5:22  Gateway  
  68  5:26  Gateway x2, Probe (Chrono Boost)  
  68  5:27  Observer, Probe (Chrono Boost)  
  71  5:29  Probe (Chrono Boost)  
  71  5:32  Probe x2 (Chrono Boost)  
  74  5:39  Probe  
  74  5:40  Assimilator  
  75  5:43  Assimilator, Probe  
  75  5:45  Gateway  
  75  5:46  Gateway  
  75  5:53  Probe x2  
  75  5:55  Immortal (Chrono Boost), Probe  
  75  5:56  Pylon  
  82  6:07  Pylon  
  82  6:08  Pylon  
  82  6:09  Photon Cannon  
  82  6:11  Shield Battery  
  82  6:12  Pylon  
  82  6:13  Sentry  
  82  6:14  Stalker  
  86  6:26  Immortal (Chrono Boost)  
  86  6:32  Zealot x4  
  98  6:41  Sentry x2, Zealot x2  
  106  6:49  Pylon  
  106  6:50  Pylon  
  106  6:51  Pylon x2  
  106  6:55  Photon Cannon  
  106  7:02  Zealot x6  
  106  7:08  Stalker x2  
  122  7:10  Protoss Ground Weapons Level 1 (Chrono Boost)  
  122  7:22  Stalker x4  
  130  7:24  Zealot  
  132  7:36  Zealot x3  
  126  7:50  Stalker x5  
  128  8:04  Nexus  
  127  8:06  Robotics Bay  
  127  8:07  Pylon  
  127  8:10  Sentry  
  129  8:28  Immortal (Chrono Boost)  
  129  8:29  Pylon  
  129  8:30  Forge  
  129  8:34  Gateway  
  133  8:35  Gateway  
  133  8:36  Probe x3  
  136  8:44  Protoss Ground Weapons Level 2 (Chrono Boost), Extended Thermal Lance  
  136  8:48  Probe x3  
  136  8:56  Protoss Ground Armor Level 2 (Chrono Boost)  
  136  8:57  Zealot x7  
  136  9:00  Probe  
  136  9:02  Disruptor (Chrono Boost)  
  145  9:03  Zealot  
  151  9:18  Zealot x4  
  153  9:27  Shield Battery  
  153  9:29  Photon Cannon  
  153  9:32  Disruptor (Chrono Boost)  
  155  9:43  Stalker x5, Zealot x2  
  149  9:56  Zealot x3  
  135  10:00  Disruptor (Chrono Boost)  
  135  10:04  Stalker  
  135  10:05  Zealot  
  138  10:08  Zealot x3, Pylon  
  138  10:09  Zealot  
  146  10:17  Zealot  
  146  10:18  Zealot x3  
  150  10:30  Disruptor (Chrono Boost)  
  150  10:32  Stalker x3  
  150  10:33  Zealot x2  
  160  10:42  Zealot x5  
  164  10:58  Nexus  
  164  11:02  Pylon  
  140  11:30  Stalker x5  
  140  11:32  Zealot x5  
  144  11:51  Gateway  
  144  11:52  Gateway  
  142  11:56  Zealot x8  
  150  12:07  Nexus  
Show
View Real Time Build Order
Export as new Build Order

XYXY Terran 

Build Orders: Reaper Expand 

Get SALT Encoding   

  12  0:00  SCV  
  13  0:12  SCV  
  14  0:17  Supply Depot  
  14  0:24  SCV  
  15  0:38  SCV  
  15  0:40  Barracks  
  16  0:43  Refinery  
  16  0:50  SCV  
  17  1:02  SCV  
  18  1:14  SCV  
  19  1:27  Reaper, Orbital Command  
  20  1:41  Command Center  
  20  1:52  Supply Depot, SCV  
  21  2:01  Marine  
  21  2:04  SCV  
  23  2:08  Factory  
  23  2:18  Bunker, SCV  
  23  2:20  Barracks Reactor  
  24  2:26  Refinery  
  24  2:30  SCV  
  25  2:42  SCV  
  26  2:54  SCV, Starport  
  26  2:58  Orbital Command  
  27  2:59  Marine x2  
  27  3:04  Cyclone  
  31  3:06  SCV  
  32  3:17  Marine x2  
  32  3:18  SCV  
  35  3:25  SCV  
  36  3:30  SCV  
  36  3:32  Starport Tech Lab  
  37  3:35  Marine x2  
  37  3:37  SCV  
  40  3:42  Factory Tech Lab, SCV  
  40  3:46  Supply Depot x2  
  41  3:49  SCV  
  41  3:54  SCV  
  43  4:01  SCV, Supply Depot  
  44  4:03  Marine x2  
  44  4:07  Liberator, Siege Tank  
  51  4:12  SCV  
  51  4:13  SCV  
  51  4:14  Supply Depot  
  53  4:24  SCV  
  54  4:25  Command Center  
  54  4:27  SCV  
  55  4:36  SCV  
  56  4:39  Siege Tank, SCV  
  56  4:41  Marine x2  
  62  4:48  Barracks, SCV  
  62  4:50  Barracks  
  62  4:51  Starport Tech Lab  
  63  4:57  SCV  
  63  4:59  Marine x2  
  66  5:00  SCV  
  66  5:04  Supply Depot  
  67  5:09  SCV  
  67  5:11  Siege Tank, Supply Depot  
  67  5:12  SCV  
  67  5:14  Engineering Bay, Refinery  
  72  5:17  Refinery  
  72  5:20  Marine x2  
  75  5:21  SCV  
  75  5:26  SCV  
  75  5:28  Supply Depot  
  73  5:37  SCV  
  73  5:38  Marine x2  
  73  5:40  Terran Infantry Weapons Level 1  
  73  5:41  Supply Depot  
  78  5:42  Marauder  
  78  5:46  Stimpack  
  78  5:52  Combat Shield  
  78  5:54  Orbital Command  
  78  5:59  Starport Reactor  
  78  6:06  Barracks  
  78  6:08  Barracks  
  78  6:12  Ghost Academy  
  78  6:20  Factory Reactor  
  78  6:21  Marine  
  78  6:22  Marine, Marauder  
  78  6:23  Marauder  
  84  6:35  Medivac x2  
  84  6:37  Orbital Command  
  84  6:39  Marine x2  
  89  6:44  Supply Depot, Marauder x2  
  89  6:45  Supply Depot  
  93  6:55  SCV x2  
  93  7:05  Marauder x2  
  93  7:06  Marine x2  
  93  7:08  Medivac x2  
  103  7:11  Ghost  
  103  7:12  Marine x2  
  103  7:14  Supply Depot x2  
  103  7:15  SCV x3  
  110  7:18  Widow Mine  
  112  7:22  Supply Depot  
  112  7:27  SCV x3, Marauder  
  112  7:28  Ghost  
  112  7:29  Marine x2  
  121  7:31  Supply Depot  
  121  7:34  Supply Depot, Terran Infantry Armor Level 1  
  115  7:39  SCV x2  
  108  7:46  Marauder  
  108  7:48  Marine, Marauder  
  108  7:49  Marine x2  
  112  7:51  SCV x2  
  112  7:53  Medivac  
  112  7:54  Medivac  
  112  7:55  Marine  
  112  7:57  Marauder  
  117  8:06  Marine x3  
  117  8:08  SCV x2, Marauder  
  117  8:09  Marauder  
  125  8:13  Marine  
  125  8:17  Concussive Shells  
  125  8:18  Marine, Orbital Command  
  126  8:24  Marine  
  126  8:25  Marine  
  125  8:28  Ghost  
  125  8:30  SCV x2  
  129  8:35  Marine, Marauder  
  129  8:36  Marine, Marauder  
  135  8:41  Viking  
  135  8:42  Viking  
  135  8:44  SCV x3  
  137  8:56  Supply Depot  
  137  8:57  Marauder  
  137  8:59  Marine, Marauder x2  
  137  9:01  Marine x2  
  145  9:05  SCV  
  145  9:06  SCV x2  
  148  9:10  Supply Depot  
  148  9:11  Viking  
  148  9:15  Viking  
  152  9:18  Marauder  
  152  9:22  Marauder x2  
  152  9:23  Marine x2  
  158  9:25  Marine  
  159  9:40  Marauder  
  159  9:41  Viking  
  159  9:44  Marine, Marauder x2  
  159  9:45  Viking  
  152  9:54  SCV x2  
  152  9:57  SCV  
  133  10:02  Marine x3, Marauder  
  133  10:05  Marauder x2  
  133  10:06  SCV  
  142  10:11  Liberator  
  143  10:14  Liberator  
  143  10:18  SCV x2  
  144  10:23  Marauder  
  144  10:28  Ghost  
  138  10:29  Marine x2  
  138  10:35  SCV x2  
  137  10:36  SCV  
  136  10:47  SCV x2  
  136  10:48  SCV  
  139  10:54  Liberator  
  140  10:57  Liberator, Ghost  
  140  10:58  Ghost  
  140  10:59  SCV  
  140  11:00  Marine  
  149  11:05  Orbital Command  
  149  11:06  Marine x3  
  146  11:25  Marine x2, Marauder  
  132  11:27  Marine x2, Marauder x2  
  124  11:40  SCV x2  
  124  11:42  Marine  
  124  11:43  SCV, Marine  
  124  11:45  Marine x2, Ghost  
  125  11:48  Marauder x2  
  125  11:52  SCV x2  
  125  11:56  SCV  
  122  12:04  SCV, Marine  
  122  12:06  SCV  
Tags
 
Add a new tag
Caveats
  • Supply blocks, unpowered buildings, or Contaminate may cause inaccurate times.
  • Supply counts are checked every 10 seconds.